Gangsters vs National
(R1)
Created - 29 novembre 2014 at 19:09
Goals
|
Gangsters |
1 |
7 |
1 |
9 |
National |
2 |
1 |
3 |
6 |
|
Shots
|
Gangsters |
7 |
21 |
9 |
37 |
National |
15 |
7 |
10 |
32 |
|
1st period
1. National , Mikael Backlund 15 (Jonathan Cheechoo, Pasi Salonen) at 16:10 (PP)
2. National , Mikael Backlund 16 (Pasi Salonen, Dustin Kohn) at 16:25
3. Gangsters , Alexandre Bolduc 16 (Jaroslav Balastik, Bryan Young) at 17:23
Penalties :
Jonathan Matsumoto (Que) for Hooking (Minor) at 4:33, Michael Sdao (Bro) for Interference (Minor) at 7:22, Mikael Backlund (Que) for Hooking (Minor) at 10:34, Michael Sdao (Bro) for Interference (Minor) at 14:56
2nd period
4. Gangsters , Chris Bourque 10 (Colten Teubert) at 6:40
5. Gangsters , Ryan Keller 10 (Shaun Heska) at 9:04
6. Gangsters , Jaroslav Balastik 18 (Ryan Keller, Colten Teubert) at 11:54 (PP)
7. National , Pasi Salonen 7 (Jonathan Cheechoo, Janne Niskala) at 13:10
8. Gangsters , Ryan Keller 11 (Jaroslav Balastik) at 16:48
9. Gangsters , Ryan Keller 12 (Jaroslav Balastik, Ville Koistinen) at 17:54 (PP)
10. Gangsters , Brock Bradford 4 (Nick Foligno) at 19:19
11. Gangsters , Ryan Keller 13 (Ville Koistinen, Jaroslav Balastik) at 19:33
Penalties :
Matt Delahey (Bro) for High sticking (Minor) at 2:38, Pat Dwyer (Que) for High sticking (Minor) at 11:39, Brett Ponich (Bro) for Interference (Minor) at 15:35, Guillaume Desbiens (Que) for Holding Stick (Minor) at 16:44, Janne Niskala (Que) for Interference (Minor) at 17:10, Janne Niskala (Que) for Holding (Minor) at 19:36
3rd period
12. National , Pasi Salonen 8 (Mikael Backlund) at 3:54
13. National , Guillaume Desbiens 9 (Dustin Kohn, Rico Fata) at 4:21
14. National , Pasi Salonen 9 (Dustin Kohn, Rico Fata) at 6:03 (PP)
15. Gangsters , Gustav Nyquist 11 (Nick Foligno, Brock Bradford) at 19:11
Penalties :
Artem Anisimov (Bro) for Roughing (Minor) at 5:09, Jaroslav Balastik (Bro) for Tripping (Minor) at 9:46
Goalie Stats
David LeNeveu (Bro), 26 saves from 32 shots - (0,813), W, 11-6-3, 60:00 minutes
Tyler Plante (Que), 9 saves from 13 shots - (0,692), L, 3-3-0, 7:39 minutes
Keith Kinkaid (Que), 19 saves from 24 shots - (0,792), 52:21 minutes
Players Stats for Gangsters
Player Name G A P +/- PIM S H SB GA TA FO MP PP MP PK MP
------------------------------------------------------------------------------------
Alexandre Bolduc 1 0 1 1 0 3 1 1 0 0 9/29 19:02 4:10 1:08
Artem Anisimov 0 0 0 0 2 1 0 0 0 1 6/13 13:52 3:17 0:00
Ben Holmstrom 0 0 0 0 0 0 0 0 0 0 0/0 0:00 0:00 0:00
Brett Ponich 0 0 0 0 2 0 0 0 0 0 0/0 2:06 0:20 0:00
Brock Bradford 1 1 2 2 0 1 0 0 0 0 3/6 12:12 0:00 1:27
Bryan Young 0 1 1 2 0 3 2 1 1 1 0/0 27:53 4:44 5:10
Chris Bourque 1 0 1 0 0 3 1 0 0 0 1/1 17:45 3:17 3:23
Colten Teubert 0 2 2 3 0 0 2 2 0 1 0/0 20:34 3:03 4:04
Dave Dziurzynski 0 0 0 -1 0 0 0 0 0 0 0/0 7:04 0:00 0:00
Gabriel Dumont 0 0 0 0 0 0 0 0 0 0 0/0 0:00 0:00 0:00
Gustav Nyquist 1 0 1 2 0 7 0 0 0 0 0/0 10:16 0:00 0:00
Jaroslav Balastik 1 4 5 2 2 6 2 1 1 0 8/13 23:29 4:30 4:33
Luke Gazdic 0 0 0 0 0 0 0 0 0 0 0/0 0:00 0:00 0:00
Matt Delahey 0 0 0 -2 2 0 0 0 0 0 0/0 10:14 0:00 0:00
Maxime Sauvé 0 0 0 -1 0 0 0 0 1 0 1/3 7:04 0:00 0:00
Michael Sdao 0 0 0 -2 4 0 0 0 0 0 0/0 9:51 0:00 0:00
Mikko Lehtonen 0 0 0 -1 0 1 0 0 1 0 0/0 7:04 0:00 0:00
Nathan Moon 0 0 0 0 0 0 0 0 0 0 0/0 0:00 0:00 0:00
Nick Foligno 0 2 2 2 0 5 0 2 0 0 0/0 12:42 0:00 2:19
Phil McRae 0 0 0 0 0 0 0 0 0 0 0/0 0:00 0:00 0:00
Richard Panik 0 0 0 0 0 0 0 0 0 0 0/0 0:00 0:00 0:00
Ryan Jones 0 0 0 0 0 1 1 1 0 0 0/0 13:53 3:17 0:00
Ryan Keller 4 1 5 2 0 5 2 1 3 0 1/4 24:35 4:30 5:38
Shaun Heska 0 1 1 3 0 0 1 3 0 1 0/0 20:34 3:03 4:04
Ville Koistinen 0 2 2 2 0 1 1 1 0 0 0/0 29:40 4:44 5:10
Players Stats for National
Player Name G A P +/- PIM S H SB GA TA FO MP PP MP PK MP
------------------------------------------------------------------------------------
Ben Maxwell 0 0 0 0 0 0 0 0 0 0 0/0 0:00 0:00 0:00
Cédric Lalonde-McNicoll 0 0 0 0 0 0 0 0 0 0 0/0 0:00 0:00 0:00
Chris Mueller 0 0 0 0 0 0 0 0 0 0 1/3 4:39 0:00 0:00
Colin Fraser 0 0 0 0 0 0 0 0 0 0 0/0 0:31 0:00 0:00
Daniel Rahimi 0 0 0 0 0 0 0 0 0 0 0/0 0:00 0:00 0:00
David Desharnais 0 0 0 -1 0 4 1 0 0 1 4/6 11:23 0:00 0:00
Denis Bodrov 0 0 0 -3 0 0 1 4 0 1 0/0 19:23 3:09 3:26
Dustin Kohn 0 3 3 1 0 1 2 4 1 0 0/0 27:45 6:05 4:45
Erik Gustafsson 0 0 0 0 0 1 0 0 0 1 0/0 10:45 0:00 2:41
Guillaume Desbiens 1 0 1 -1 2 2 2 1 0 1 0/1 18:39 4:02 2:16
Igor Makarov 0 0 0 0 0 0 0 0 0 0 0/0 4:42 0:00 0:00
Ivan Vishnevski 0 0 0 -1 0 0 0 0 0 0 0/0 4:54 0:00 0:00
Janne Niskala 0 1 1 1 4 2 3 1 1 1 0/0 25:04 6:05 2:04
Jarod Palmer 0 0 0 0 0 0 0 0 0 0 0/0 0:00 0:00 0:00
Johannes Salmonsson 0 0 0 -2 0 0 1 1 0 0 1/1 12:53 0:00 0:25
Jonathan Cheechoo 0 2 2 0 0 3 2 1 0 0 2/3 21:23 5:11 2:16
Jonathan Matsumoto 0 0 0 -1 2 1 1 1 1 0 7/12 16:27 4:03 0:00
Kristoffer Berglund 0 0 0 -1 0 0 0 1 0 0 0/0 4:54 0:00 0:00
Mikael Backlund 2 1 3 0 2 4 1 0 1 0 17/29 19:01 5:11 0:00
Pasi Salonen 3 2 5 0 0 9 2 0 0 0 7/13 27:19 5:11 5:21
Pat Dwyer 0 0 0 -1 2 1 1 1 0 0 0/0 12:00 0:00 0:40
Philip Larsen 0 0 0 -3 0 1 1 0 0 0 0/0 19:23 3:09 3:26
Rico Fata 0 2 2 -2 0 3 4 2 0 2 1/1 21:30 4:03 4:40
Shawn Lalonde 0 0 0 0 0 0 0 0 0 0 0/0 0:00 0:00 0:00
Ty Wishart 0 0 0 0 0 0 0 0 0 0 0/0 7:58 0:00 0:00
3 Stars
1 - Ryan Keller (Bro)
2 - Pasi Salonen (Que)
3 - Jaroslav Balastik (Bro)
Power Play
Gangsters - 2 on 6 Attempt(s) - 33,33%
National - 2 on 6 Attempt(s) - 33,33%
Penalty Kill
Gangsters - 4 on 6 Attempt(s) - 66,67%
- Score 0 goal in Penalty Kill
National - 4 on 6 Attempt(s) - 66,67%
- Score 0 goal in Penalty Kill
Official
Referees : Kimmerly Greg and Devorski Paul
Linesman : Jonny Murray and Don Henderson
Game Notes
Tyler Plante enters game at 11:54 of 2nd period
Ryan Keller has scored a Hat Trick!
Keith Kinkaid enters game at 19:33 of 2nd period
Pasi Salonen has scored a Hat Trick!
Finance
Level 1 -- Attendance: 1352 (67,60%) -- Ticket Income 33 800 $
Level 2 -- Attendance: 758 (75,80%) -- Ticket Income 11 370 $
Total Attendance: 2110 (70,33%)
Total Ticket Income: 45 170 $
Other Income: 2 258 $
Total Income: 47 428 $
Gangsters
5 vs 5 Forward
Center Left Wing Right Wing Time % Phy DF OF
1 Alexandre Bolduc Jaroslav Balastik Ryan Keller 40 1 2 2
2 Artem Anisimov Chris Bourque Ryan Jones 30 1 2 2
3 Brock Bradford Nick Foligno Gustav Nyquist 20 1 2 2
4 Maxime Sauvé Dave Dziurzynski Mikko Lehtonen 10 1 2 2
5 vs 5 Defense
Defense Defense Time % Phy DF OF
1 Ville Koistinen Bryan Young 40 1 2 2
2 Shaun Heska Colten Teubert 30 1 2 2
3 Matt Delahey Michael Sdao 20 1 2 2
4 Brett Ponich Ville Koistinen 10 1 2 2
PowerPlay Forward
Center Left Wing Right Wing Time % Phy DF OF
1 Alexandre Bolduc Jaroslav Balastik Ryan Keller 60 1 2 2
2 Artem Anisimov Chris Bourque Ryan Jones 40 1 2 2
PowerPlay Defense
Defense Defense Time % Phy DF OF
1 Ville Koistinen Bryan Young 60 1 2 2
2 Shaun Heska Colten Teubert 40 1 2 2
Penalty Kill 4 Players Forward
Center Wing Time % Phy DF OF
1 Jaroslav Balastik Ryan Keller 60 1 2 2
2 Chris Bourque Nick Foligno 40 1 2 2
Penalty Kill 4 Players Defense
Defense Defense Time % Phy DF OF
1 Ville Koistinen Bryan Young 60 1 2 2
2 Shaun Heska Colten Teubert 40 1 2 2
Penalty Kill - 3 Players Forward
Forward Time % Phy DF OF
1 Jaroslav Balastik 60 1 2 2
2 Ryan Keller 40 1 2 2
Penalty Kill - 3 Players Defense
Defense Defense Time % Phy DF OF
1 Ville Koistinen Bryan Young 60 1 2 2
2 Shaun Heska Colten Teubert 40 1 2 2
4 vs 4 Forward
Center Wing Time % Phy DF OF
1 Jaroslav Balastik Ryan Keller 60 1 2 2
2 Chris Bourque Nick Foligno 40 1 2 2
4 vs 4 Defense
Defense Defense Time % Phy DF OF
1 Ville Koistinen Bryan Young 60 1 2 2
2 Shaun Heska Colten Teubert 40 1 2 2
Last Minutes Offensive
Center Left Wing Right Wing Defense Defense
Alexandre Bolduc Jaroslav Balastik Ryan Keller Ville Koistinen Bryan Young
Last Minutes Defensive
Center Left Wing Right Wing Defense Defense
Alexandre Bolduc Jaroslav Balastik Ryan Keller Ville Koistinen Bryan Young
Goaltenders
Starting : David LeNeveu
Backup : Dustin Tokarski
Extra Forwards
Normal : Gustav Nyquist, Mikko Lehtonen, Brock Bradford - PP : Gustav Nyquist, Mikko Lehtonen - PK : Brock Bradford
Extra Defensemen
Normal : Matt Delahey, Michael Sdao, Brett Ponich - PP : Matt Delahey - PK : Michael Sdao, Brett Ponich
Penalty Shots
Jaroslav Balastik, Ryan Keller, Chris Bourque, Nick Foligno, Alexandre Bolduc
National
5 vs 5 Forward
Center Left Wing Right Wing Time % Phy DF OF
1 Mikael Backlund Pasi Salonen Jonathan Cheechoo 40 1 2 2
2 Jonathan Matsumoto Rico Fata Guillaume Desbiens 30 1 2 2
3 David Desharnais Johannes Salmonsson Pat Dwyer 20 1 2 2
4 Chris Mueller Pasi Salonen Igor Makarov 10 1 2 2
5 vs 5 Defense
Defense Defense Time % Phy DF OF
1 Janne Niskala Dustin Kohn 40 1 2 2
2 Denis Bodrov Philip Larsen 30 1 2 2
3 Ty Wishart Erik Gustafsson 20 1 2 2
4 Ivan Vishnevski Kristoffer Berglund 10 1 2 2
PowerPlay Forward
Center Left Wing Right Wing Time % Phy DF OF
1 Mikael Backlund Pasi Salonen Jonathan Cheechoo 60 1 2 2
2 Jonathan Matsumoto Rico Fata Guillaume Desbiens 40 1 2 2
PowerPlay Defense
Defense Defense Time % Phy DF OF
1 Janne Niskala Dustin Kohn 60 1 2 2
2 Denis Bodrov Philip Larsen 40 1 2 2
Penalty Kill 4 Players Forward
Center Wing Time % Phy DF OF
1 Pasi Salonen Rico Fata 60 1 2 2
2 Jonathan Cheechoo Guillaume Desbiens 40 1 2 2
Penalty Kill 4 Players Defense
Defense Defense Time % Phy DF OF
1 Janne Niskala Dustin Kohn 60 1 2 2
2 Denis Bodrov Philip Larsen 40 1 2 2
Penalty Kill - 3 Players Forward
Forward Time % Phy DF OF
1 Pasi Salonen 60 1 2 2
2 Rico Fata 40 1 2 2
Penalty Kill - 3 Players Defense
Defense Defense Time % Phy DF OF
1 Janne Niskala Dustin Kohn 60 1 2 2
2 Denis Bodrov Philip Larsen 40 1 2 2
4 vs 4 Forward
Center Wing Time % Phy DF OF
1 Pasi Salonen Rico Fata 60 1 2 2
2 Jonathan Cheechoo Guillaume Desbiens 40 1 2 2
4 vs 4 Defense
Defense Defense Time % Phy DF OF
1 Janne Niskala Dustin Kohn 60 1 2 2
2 Denis Bodrov Philip Larsen 40 1 2 2
Last Minutes Offensive
Center Left Wing Right Wing Defense Defense
Mikael Backlund Pasi Salonen Jonathan Cheechoo Janne Niskala Dustin Kohn
Last Minutes Defensive
Center Left Wing Right Wing Defense Defense
Mikael Backlund Pasi Salonen Jonathan Cheechoo Janne Niskala Dustin Kohn
Goaltenders
Starting : Keith Kinkaid
Backup : Tyler Plante
Extra Forwards
Normal : Johannes Salmonsson, David Desharnais, Pat Dwyer - PP : Johannes Salmonsson, David Desharnais - PK : Pat Dwyer
Extra Defensemen
Normal : Ty Wishart, Erik Gustafsson, Ivan Vishnevski - PP : Ty Wishart - PK : Erik Gustafsson, Ivan Vishnevski
Penalty Shots
Pasi Salonen, Rico Fata, Jonathan Cheechoo, Guillaume Desbiens, Mikael Backlund
% Time on Ice - Gangsters
Lines # - Real PCT - Wanted PCT - Time Play
Normal Forward
1 - 34% - 40% - 14:13
2 - 25% - 30% - 10:36
3 - 24% - 20% - 10:16
4 - 17% - 10% - 7:04
Normal Defense
1 - 41% - 40% - 17:09
2 - 32% - 30% - 13:27
3 - 23% - 20% - 9:46
4 - 4% - 10% - 1:47
PP Forward
1 - 58% - 60% - 4:30
2 - 42% - 40% - 3:17
PP Defense
1 - 61% - 60% - 4:44
2 - 39% - 40% - 3:03
PK Forward
1 - 77% - 60% - 7:05
2 - 23% - 40% - 2:09
PK Defense
1 - 56% - 60% - 5:10
2 - 44% - 40% - 4:04
PK3 Forward
1 - 0% - 60%
2 - 0% - 40%
PK3 Defense
1 - 0% - 60%
2 - 0% - 40%
44 Forward
1 - 100% - 60% - 0:50
2 - 0% - 40% - 0:00
44 Defense
1 - 100% - 60% - 0:50
2 - 0% - 40% - 0:00
Last Minute Offensive - 0:00
Last Minute Defensive - 0:00
Total
Forward - 60:00
Defense - 60:00
|
% Time on Ice - National
Lines # - Real PCT - Wanted PCT - Time Play
Normal Forward
1 - 33% - 40% - 14:00
2 - 31% - 30% - 13:16
3 - 24% - 20% - 10:14
4 - 11% - 10% - 4:39
Normal Defense
1 - 39% - 40% - 16:29
2 - 30% - 30% - 12:48
3 - 19% - 20% - 7:58
4 - 12% - 10% - 4:54
PP Forward
1 - 56% - 60% - 5:11
2 - 44% - 40% - 4:03
PP Defense
1 - 66% - 60% - 6:05
2 - 34% - 40% - 3:09
PK Forward
1 - 70% - 60% - 5:11
2 - 30% - 40% - 2:16
PK Defense
1 - 54% - 60% - 4:01
2 - 46% - 40% - 3:26
PK3 Forward
1 - 100% - 60% - 0:44
2 - 0% - 40% - 0:00
PK3 Defense
1 - 100% - 60% - 0:44
2 - 0% - 40% - 0:00
44 Forward
1 - 100% - 60% - 0:26
2 - 0% - 40% - 0:00
44 Defense
1 - 100% - 60% - 0:26
2 - 0% - 40% - 0:00
Last Minute Offensive - 0:00
Last Minute Defensive - 0:00
Total
Forward - 60:00
Defense - 60:00
|
Play by Play
1st period
0:01 of 1st period - Mikael Backlund wins face-off versus Alexandre Bolduc in neutral zone.
0:04 of 1st period - Snap shot by Pasi Salonen.
0:04 of 1st period - Stopped by David LeNeveu with a rebound.
0:08 of 1st period - Wrist shot by Janne Niskala.
0:08 of 1st period - Shot Blocked by Ville Koistinen.
0:10 of 1st period - Backhand shot by Dustin Kohn.
0:10 of 1st period - Stopped by David LeNeveu without a rebound.
0:11 of 1st period - Artem Anisimov wins face-off versus Jonathan Matsumoto in Gangsters zone.
0:18 of 1st period - Snap shot by Chris Bourque.
0:18 of 1st period - Stopped by Keith Kinkaid without a rebound.
0:19 of 1st period - Artem Anisimov wins face-off versus Jonathan Matsumoto in National zone.
0:24 of 1st period - Snap shot by Ryan Jones.
0:24 of 1st period - Shot Misses the Net.
1:46 of 1st period - Wrist shot by Janne Niskala.
1:46 of 1st period - Shot Blocked by Ryan Jones.
1:48 of 1st period - Slapshot by Guillaume Desbiens.
1:48 of 1st period - Stopped by David LeNeveu with a rebound.
2:10 of 1st period - Wrist shot by Nick Foligno.
2:10 of 1st period - Stopped by Keith Kinkaid without a rebound.
2:11 of 1st period - Brock Bradford wins face-off versus David Desharnais in National zone.
3:21 of 1st period - Wrist shot by David Desharnais.
3:21 of 1st period - Deflect By Pat Dwyer.
3:21 of 1st period - Shot Blocked by Colten Teubert.
3:21 of 1st period - Puck is out of play.
3:22 of 1st period - David Desharnais wins face-off versus Maxime Sauvé in Gangsters zone.
3:51 of 1st period - Snap shot by Mikael Backlund.
3:51 of 1st period - Deflect By Pasi Salonen.
3:51 of 1st period - Shot Misses the Net.
3:51 of 1st period - Puck is out of play.
3:52 of 1st period - Mikael Backlund wins face-off versus Alexandre Bolduc in Gangsters zone.
4:21 of 1st period - Slapshot by Ryan Jones.
4:21 of 1st period - Shot Misses the Net.
4:23 of 1st period - Slapshot by Bryan Young.
4:23 of 1st period - Shot Misses the Net.
4:25 of 1st period - Wrist shot by Artem Anisimov.
4:25 of 1st period - Shot Hit the Post.
4:27 of 1st period - Snap shot by Bryan Young.
4:27 of 1st period - Shot Blocked by Dustin Kohn.
4:33 of 1st period - Minor Penalty to Jonathan Matsumoto for Hooking.
4:34 of 1st period - Pasi Salonen wins face-off versus Alexandre Bolduc in National zone.
4:34 of 1st period - Pasi Salonen is hit by Alexandre Bolduc.
5:12 of 1st period - Snap shot by Chris Bourque.
5:12 of 1st period - Shot Blocked by Denis Bodrov.
5:25 of 1st period - Off-side.
5:26 of 1st period - Artem Anisimov wins face-off versus Pasi Salonen in neutral zone.
5:55 of 1st period - Janne Niskala is hit by Jaroslav Balastik and loses puck.
6:33 of 1st period - Penalty to Jonathan Matsumoto is over, Jonathan Matsumoto is back on ice.
6:55 of 1st period - Slapshot by Nick Foligno.
6:55 of 1st period - Stopped by Keith Kinkaid without a rebound.
6:56 of 1st period - Maxime Sauvé wins face-off versus David Desharnais in National zone.
6:59 of 1st period - Wrist shot by Mikko Lehtonen.
6:59 of 1st period - Stopped by Keith Kinkaid with a rebound.
7:22 of 1st period - Minor Penalty to Michael Sdao for Interference.
7:23 of 1st period - Mikael Backlund wins face-off versus Jaroslav Balastik in Gangsters zone.
7:38 of 1st period - Bryan Young is hit by Janne Niskala.
8:00 of 1st period - Jaroslav Balastik is hit by Janne Niskala and loses puck.
9:22 of 1st period - Penalty to Michael Sdao is over, Michael Sdao is back on ice.
9:38 of 1st period - Wrist shot by Mikko Lehtonen.
9:38 of 1st period - Shot Blocked by Pat Dwyer.
9:51 of 1st period - Off-side.
9:52 of 1st period - Artem Anisimov wins face-off versus Chris Mueller in neutral zone.
9:55 of 1st period - Wrist shot by Artem Anisimov.
9:55 of 1st period - Stopped by Keith Kinkaid without a rebound.
9:56 of 1st period - Artem Anisimov wins face-off versus Chris Mueller in National zone.
10:09 of 1st period - Wrist shot by Chris Bourque.
10:09 of 1st period - Shot Blocked by Denis Bodrov.
10:34 of 1st period - Minor Penalty to Mikael Backlund for Hooking.
10:35 of 1st period - Alexandre Bolduc wins face-off versus Pasi Salonen in National zone.
10:42 of 1st period - Snap shot by Alexandre Bolduc.
10:42 of 1st period - Shot Misses the Net.
10:44 of 1st period - Slapshot by Ville Koistinen.
10:44 of 1st period - Shot Misses the Net.
10:46 of 1st period - Snap shot by Alexandre Bolduc.
10:46 of 1st period - Shot Misses the Net.
10:48 of 1st period - Wrist shot by Jaroslav Balastik.
10:48 of 1st period - Stopped by Keith Kinkaid with a rebound.
10:50 of 1st period - Wrist shot by Ryan Keller.
10:50 of 1st period - Shot Misses the Net.
11:00 of 1st period - Pasi Salonen is hit by Chris Bourque and loses puck.
11:26 of 1st period - Icing by Ryan Keller.
11:27 of 1st period - Jonathan Cheechoo wins face-off versus Alexandre Bolduc in Gangsters zone.
11:30 of 1st period - Snap shot by Guillaume Desbiens.
11:30 of 1st period - Shot Misses the Net.
12:34 of 1st period - Penalty to Mikael Backlund is over, Mikael Backlund is back on ice.
12:34 of 1st period - Icing by Shaun Heska.
12:35 of 1st period - David Desharnais wins face-off versus Artem Anisimov in Gangsters zone.
12:38 of 1st period - Snap shot by Pat Dwyer.
12:38 of 1st period - Shot Misses the Net.
13:20 of 1st period - Erik Gustafsson is hit by Bryan Young and loses puck.
14:56 of 1st period - Minor Penalty to Michael Sdao for Interference.
14:57 of 1st period - Jaroslav Balastik wins face-off versus Mikael Backlund in Gangsters zone.
15:08 of 1st period - Snap shot by Pasi Salonen.
15:08 of 1st period - Shot Blocked by Jaroslav Balastik.
15:10 of 1st period - Wrist shot by Pasi Salonen.
15:10 of 1st period - Shot Misses the Net.
15:41 of 1st period - Icing by Rico Fata.
15:42 of 1st period - Jonathan Matsumoto wins face-off versus Jaroslav Balastik in National zone.
15:42 of 1st period - Jonathan Matsumoto is hit by Ryan Keller.
15:48 of 1st period - Wrist shot by Rico Fata.
15:48 of 1st period - Stopped by David LeNeveu without a rebound.
15:49 of 1st period - Chris Bourque wins face-off versus Mikael Backlund in Gangsters zone.
16:00 of 1st period - Snap shot by Pasi Salonen.
16:00 of 1st period - Stopped by David LeNeveu without a rebound.
16:01 of 1st period - Mikael Backlund wins face-off versus Jaroslav Balastik in Gangsters zone.
16:08 of 1st period - Wrist shot by Jonathan Cheechoo.
16:08 of 1st period - Stopped by David LeNeveu with a rebound.
16:10 of 1st period - Wrist shot by Mikael Backlund.
16:10 of 1st period - Goal by Mikael Backlund - Gangsters : 0 - National : 1.
16:11 of 1st period - Mikael Backlund wins face-off versus Alexandre Bolduc in neutral zone.
16:25 of 1st period - Slapshot by Mikael Backlund.
16:25 of 1st period - Goal by Mikael Backlund - Gangsters : 0 - National : 2.
16:26 of 1st period - Alexandre Bolduc wins face-off versus Mikael Backlund in neutral zone.
16:37 of 1st period - Snap shot by Pasi Salonen.
16:37 of 1st period - Shot Blocked by Ryan Keller.
16:55 of 1st period - Wrist shot by Brock Bradford.
16:55 of 1st period - Shot Blocked by Dustin Kohn.
17:01 of 1st period - Wrist shot by Dustin Kohn.
17:01 of 1st period - Shot Blocked by Nick Foligno.
17:03 of 1st period - Slapshot by Dustin Kohn.
17:03 of 1st period - Shot Blocked by Nick Foligno.
17:05 of 1st period - Snap shot by Pasi Salonen.
17:05 of 1st period - Stopped by David LeNeveu with a rebound.
17:07 of 1st period - Slapshot by Janne Niskala.
17:07 of 1st period - Stopped by David LeNeveu with a rebound.
17:09 of 1st period - Wrist shot by Pasi Salonen.
17:09 of 1st period - Stopped by David LeNeveu without a rebound.
17:10 of 1st period - Jonathan Matsumoto wins face-off versus Alexandre Bolduc in Gangsters zone.
17:13 of 1st period - Snap shot by Rico Fata.
17:13 of 1st period - Stopped by David LeNeveu with a rebound.
17:15 of 1st period - Snap shot by Jonathan Matsumoto.
17:15 of 1st period - Stopped by David LeNeveu with a rebound.
17:23 of 1st period - Wrist shot by Alexandre Bolduc.
17:23 of 1st period - Goal by Alexandre Bolduc - Gangsters : 1 - National : 2.
17:24 of 1st period - Mikael Backlund wins face-off versus Alexandre Bolduc in neutral zone.
17:29 of 1st period - Slapshot by Janne Niskala.
17:29 of 1st period - Stopped by David LeNeveu with a rebound.
17:35 of 1st period - Ryan Keller is hit by Pasi Salonen and loses puck.
17:50 of 1st period - Chris Bourque is hit by Rico Fata and loses puck.
18:33 of 1st period - Slapshot by Pasi Salonen.
18:33 of 1st period - Stopped by David LeNeveu with a rebound.
18:39 of 1st period - Denis Bodrov is hit by Colten Teubert and loses puck.
18:52 of 1st period - Wrist shot by Jaroslav Balastik.
18:52 of 1st period - Deflect By Denis Bodrov.
18:52 of 1st period - Shot Blocked by Denis Bodrov.
18:52 of 1st period - Puck is out of play.
18:53 of 1st period - Alexandre Bolduc wins face-off versus Guillaume Desbiens in National zone.
18:56 of 1st period - Wrist shot by Alexandre Bolduc.
18:56 of 1st period - Shot Misses the Net.
Goals for this period are 1 for Gangsters vs 2 for National.
Shots for this period are 7 for Gangsters vs 15 for National.
2nd period
0:01 of 2nd period - Jaroslav Balastik wins face-off versus Mikael Backlund in neutral zone.
0:08 of 2nd period - Snap shot by Ville Koistinen.
0:08 of 2nd period - Stopped by Keith Kinkaid with a rebound.
0:31 of 2nd period - Artem Anisimov is hit by Rico Fata and loses puck.
1:13 of 2nd period - Snap shot by Gustav Nyquist.
1:13 of 2nd period - Stopped by Keith Kinkaid without a rebound.
1:14 of 2nd period - Mikael Backlund wins face-off versus Brock Bradford in National zone.
1:23 of 2nd period - Gustav Nyquist is hit by Pasi Salonen and loses puck.
1:28 of 2nd period - Backhand shot by Mikael Backlund.
1:28 of 2nd period - Stopped by David LeNeveu with a rebound.
1:38 of 2nd period - Gustav Nyquist is hit by David Desharnais and loses puck.
2:31 of 2nd period - Michael Sdao is hit by Denis Bodrov and loses puck.
2:38 of 2nd period - Minor Penalty to Matt Delahey for High sticking.
2:39 of 2nd period - Jaroslav Balastik wins face-off versus Mikael Backlund in Gangsters zone.
2:48 of 2nd period - Wrist shot by Jonathan Cheechoo.
2:48 of 2nd period - Deflect By Mikael Backlund.
2:48 of 2nd period - Stopped by David LeNeveu without a rebound.
2:49 of 2nd period - Jaroslav Balastik wins face-off versus Mikael Backlund in Gangsters zone.
3:27 of 2nd period - Snap shot by Pasi Salonen.
3:27 of 2nd period - Stopped by David LeNeveu without a rebound.
3:28 of 2nd period - Ryan Keller wins face-off versus Jonathan Matsumoto in Gangsters zone.
3:45 of 2nd period - Bryan Young is hit by Guillaume Desbiens and loses puck.
4:38 of 2nd period - Penalty to Matt Delahey is over, Matt Delahey is back on ice.
5:25 of 2nd period - Icing by Bryan Young.
5:26 of 2nd period - Jonathan Matsumoto wins face-off versus Maxime Sauvé in Gangsters zone.
5:35 of 2nd period - Backhand shot by Guillaume Desbiens.
5:35 of 2nd period - Shot Misses the Net.
5:58 of 2nd period - Jaroslav Balastik is hit by Dustin Kohn and loses puck.
6:15 of 2nd period - Snap shot by Pat Dwyer.
6:15 of 2nd period - Stopped by David LeNeveu with a rebound.
6:17 of 2nd period - Snap shot by Ty Wishart.
6:17 of 2nd period - Shot Misses the Net.
6:19 of 2nd period - Wrist shot by Johannes Salmonsson.
6:19 of 2nd period - Shot Blocked by Shaun Heska.
6:26 of 2nd period - Icing by Brock Bradford.
6:27 of 2nd period - Jonathan Matsumoto wins face-off versus Artem Anisimov in Gangsters zone.
6:40 of 2nd period - Wrist shot by Chris Bourque.
6:40 of 2nd period - Goal by Chris Bourque - Gangsters : 2 - National : 2.
6:41 of 2nd period - Jaroslav Balastik wins face-off versus Jonathan Cheechoo in neutral zone.
6:50 of 2nd period - Wrist shot by Jaroslav Balastik.
6:50 of 2nd period - Deflect By Alexandre Bolduc.
6:50 of 2nd period - Stopped by Keith Kinkaid with a rebound.
7:15 of 2nd period - Slapshot by Bryan Young.
7:15 of 2nd period - Shot Blocked by Janne Niskala.
8:47 of 2nd period - Shaun Heska is hit by Johannes Salmonsson and loses puck.
9:04 of 2nd period - Wrist shot by Ryan Keller.
9:04 of 2nd period - Goal by Ryan Keller - Gangsters : 3 - National : 2.
9:05 of 2nd period - Mikael Backlund wins face-off versus Ryan Keller in neutral zone.
9:10 of 2nd period - Wrist shot by Pasi Salonen.
9:10 of 2nd period - Shot Misses the Net.
9:12 of 2nd period - Snap shot by Janne Niskala.
9:12 of 2nd period - Shot Misses the Net.
9:39 of 2nd period - Wrist shot by David Desharnais.
9:39 of 2nd period - Stopped by David LeNeveu without a rebound.
9:40 of 2nd period - Jonathan Matsumoto wins face-off versus Artem Anisimov in Gangsters zone.
10:05 of 2nd period - Ryan Jones is hit by Jonathan Cheechoo and loses puck.
10:14 of 2nd period - Snap shot by Pasi Salonen.
10:14 of 2nd period - Deflect By Mikael Backlund.
10:14 of 2nd period - Shot Misses the Net.
10:14 of 2nd period - Puck is out of play.
10:15 of 2nd period - Alexandre Bolduc wins face-off versus Jonathan Matsumoto in Gangsters zone.
10:17 of 2nd period - Jaroslav Balastik is hit by Philip Larsen and loses puck.
10:21 of 2nd period - Off-side.
10:22 of 2nd period - Jonathan Matsumoto wins face-off versus Alexandre Bolduc in neutral zone.
10:38 of 2nd period - Snap shot by Jaroslav Balastik.
10:38 of 2nd period - Stopped by Keith Kinkaid without a rebound.
10:39 of 2nd period - Artem Anisimov wins face-off versus Mikael Backlund in National zone.
10:42 of 2nd period - Slapshot by Chris Bourque.
10:42 of 2nd period - Stopped by Keith Kinkaid with a rebound.
11:15 of 2nd period - Ryan Keller is hit by Guillaume Desbiens and loses puck.
11:39 of 2nd period - Minor Penalty to Pat Dwyer for High sticking.
11:40 of 2nd period - Pasi Salonen wins face-off versus Alexandre Bolduc in National zone.
11:44 of 2nd period - Slapshot by Rico Fata.
11:44 of 2nd period - Shot Misses the Net.
11:54 of 2nd period - Wrist shot by Jaroslav Balastik.
11:54 of 2nd period - Goal by Jaroslav Balastik - Gangsters : 4 - National : 2.
11:54 of 2nd period - Tyler Plante enters game.
11:55 of 2nd period - Mikael Backlund wins face-off versus Ryan Keller in neutral zone.
12:20 of 2nd period - Chris Bourque is hit by Jonathan Matsumoto and loses puck.
12:46 of 2nd period - Snap shot by Gustav Nyquist.
12:46 of 2nd period - Stopped by Tyler Plante with a rebound.
12:48 of 2nd period - Wrist shot by Brock Bradford.
12:48 of 2nd period - Shot Misses the Net.
12:50 of 2nd period - Wrist shot by Gustav Nyquist.
12:50 of 2nd period - Shot Blocked by Dustin Kohn.
13:06 of 2nd period - Wrist shot by Janne Niskala.
13:06 of 2nd period - Shot Misses the Net.
13:08 of 2nd period - Wrist shot by Jonathan Cheechoo.
13:08 of 2nd period - Shot Misses the Net.
13:10 of 2nd period - Snap shot by Pasi Salonen.
13:10 of 2nd period - Goal by Pasi Salonen - Gangsters : 4 - National : 3.
13:11 of 2nd period - Alexandre Bolduc wins face-off versus Mikael Backlund in neutral zone.
13:16 of 2nd period - Wrist shot by Jaroslav Balastik.
13:16 of 2nd period - Stopped by Tyler Plante with a rebound.
13:18 of 2nd period - Slapshot by Ville Koistinen.
13:18 of 2nd period - Shot Misses the Net.
13:20 of 2nd period - Wrist shot by Jaroslav Balastik.
13:20 of 2nd period - Shot Misses the Net.
13:22 of 2nd period - Wrist shot by Jaroslav Balastik.
13:22 of 2nd period - Shot Misses the Net.
13:24 of 2nd period - Snap shot by Jaroslav Balastik.
13:24 of 2nd period - Shot Blocked by Jonathan Cheechoo.
13:26 of 2nd period - Slapshot by Bryan Young.
13:26 of 2nd period - Deflect By Pasi Salonen.
13:26 of 2nd period - Stopped by Tyler Plante without a rebound.
13:27 of 2nd period - Jonathan Matsumoto wins face-off versus Artem Anisimov in National zone.
13:53 of 2nd period - Mikael Backlund is hit by Jaroslav Balastik and loses puck.
14:12 of 2nd period - Wrist shot by Gustav Nyquist.
14:12 of 2nd period - Stopped by Tyler Plante without a rebound.
14:13 of 2nd period - David Desharnais wins face-off versus Brock Bradford in National zone.
14:18 of 2nd period - Wrist shot by Gustav Nyquist.
14:18 of 2nd period - Stopped by Tyler Plante with a rebound.
15:18 of 2nd period - Bryan Young is hit by Pat Dwyer and loses puck.
15:29 of 2nd period - Snap shot by David Desharnais.
15:29 of 2nd period - Deflect By Pat Dwyer.
15:29 of 2nd period - Shot Misses the Net.
15:29 of 2nd period - Puck is out of play.
15:30 of 2nd period - Mikael Backlund wins face-off versus Alexandre Bolduc in Gangsters zone.
15:33 of 2nd period - Snap shot by Jonathan Cheechoo.
15:33 of 2nd period - Stopped by David LeNeveu with a rebound.
15:35 of 2nd period - Minor Penalty to Brett Ponich for Interference.
15:36 of 2nd period - Jaroslav Balastik wins face-off versus Pasi Salonen in Gangsters zone.
16:33 of 2nd period - Colten Teubert is hit by Jonathan Cheechoo and loses puck.
16:44 of 2nd period - Minor Penalty to Guillaume Desbiens for Holding Stick.
16:45 of 2nd period - Jaroslav Balastik wins face-off versus Pasi Salonen in National zone.
16:46 of 2nd period - Wrist shot by Ryan Keller.
16:46 of 2nd period - Shot Blocked by Rico Fata.
16:48 of 2nd period - Wrist shot by Ryan Keller.
16:48 of 2nd period - Goal by Ryan Keller - Gangsters : 5 - National : 3.
16:49 of 2nd period - Pasi Salonen wins face-off versus Jaroslav Balastik in neutral zone.
17:10 of 2nd period - Minor Penalty to Janne Niskala for Interference.
17:11 of 2nd period - Pasi Salonen wins face-off versus Jaroslav Balastik in National zone.
17:20 of 2nd period - Wrist shot by Jaroslav Balastik.
17:20 of 2nd period - Shot Misses the Net.
17:22 of 2nd period - Wrist shot by Bryan Young.
17:22 of 2nd period - Stopped by Tyler Plante without a rebound.
17:23 of 2nd period - Pasi Salonen wins face-off versus Ryan Keller in National zone.
17:35 of 2nd period - Penalty to Brett Ponich is over, Brett Ponich is back on ice.
17:48 of 2nd period - Snap shot by Jaroslav Balastik.
17:48 of 2nd period - Shot Misses the Net.
17:50 of 2nd period - Slapshot by Ryan Keller.
17:50 of 2nd period - Stopped by Tyler Plante with a rebound.
17:52 of 2nd period - Slapshot by Ville Koistinen.
17:52 of 2nd period - Shot Misses the Net.
17:54 of 2nd period - Slapshot by Jaroslav Balastik.
17:54 of 2nd period - Deflect By Ryan Keller.
17:54 of 2nd period - Goal by Ryan Keller - Gangsters : 6 - National : 3.
17:55 of 2nd period - Alexandre Bolduc wins face-off versus Pasi Salonen in neutral zone.
18:06 of 2nd period - Slapshot by Jaroslav Balastik.
18:06 of 2nd period - Stopped by Tyler Plante without a rebound.
18:07 of 2nd period - Alexandre Bolduc wins face-off versus Pasi Salonen in National zone.
18:17 of 2nd period - Snap shot by Jaroslav Balastik.
18:17 of 2nd period - Shot Misses the Net.
18:19 of 2nd period - Snap shot by Ryan Keller.
18:19 of 2nd period - Shot Misses the Net.
18:21 of 2nd period - Slapshot by Bryan Young.
18:21 of 2nd period - Shot Blocked by Dustin Kohn.
19:10 of 2nd period - Penalty to Janne Niskala is over, Janne Niskala is back on ice.
19:17 of 2nd period - Wrist shot by Nick Foligno.
19:17 of 2nd period - Stopped by Tyler Plante with a rebound.
19:19 of 2nd period - Wrist shot by Brock Bradford.
19:19 of 2nd period - Goal by Brock Bradford - Gangsters : 7 - National : 3.
19:20 of 2nd period - Mikael Backlund wins face-off versus Alexandre Bolduc in neutral zone.
19:31 of 2nd period - Wrist shot by Jaroslav Balastik.
19:31 of 2nd period - Shot Misses the Net.
19:33 of 2nd period - Slapshot by Ville Koistinen.
19:33 of 2nd period - Deflect By Ryan Keller.
19:33 of 2nd period - Goal by Ryan Keller - Gangsters : 8 - National : 3.
19:33 of 2nd period - Keith Kinkaid enters game.
19:34 of 2nd period - Mikael Backlund wins face-off versus Alexandre Bolduc in neutral zone.
19:36 of 2nd period - Minor Penalty to Janne Niskala for Holding.
19:37 of 2nd period - Pasi Salonen wins face-off versus Alexandre Bolduc in National zone.
Goals for this period are 7 for Gangsters vs 1 for National.
Shots for this period are 21 for Gangsters vs 7 for National.
3rd period
0:01 of 3rd period - Pasi Salonen wins face-off versus Alexandre Bolduc in neutral zone.
0:10 of 3rd period - Ville Koistinen is hit by Rico Fata and loses puck.
0:17 of 3rd period - Ryan Keller is hit by Rico Fata and loses puck.
1:03 of 3rd period - Snap shot by Guillaume Desbiens.
1:03 of 3rd period - Shot Blocked by Shaun Heska.
1:36 of 3rd period - Penalty to Janne Niskala is over, Janne Niskala is back on ice.
1:54 of 3rd period - Pasi Salonen is hit by Ville Koistinen and loses puck.
2:05 of 3rd period - Snap shot by Mikko Lehtonen.
2:05 of 3rd period - Shot Blocked by Johannes Salmonsson.
2:15 of 3rd period - Slapshot by Bryan Young.
2:15 of 3rd period - Deflect By Guillaume Desbiens.
2:15 of 3rd period - Stopped by Keith Kinkaid with a rebound.
2:25 of 3rd period - Nick Foligno is hit by Mikael Backlund and loses puck.
2:42 of 3rd period - Janne Niskala is hit by Ryan Jones and loses puck.
3:10 of 3rd period - Slapshot by Mikko Lehtonen.
3:10 of 3rd period - Shot Misses the Net.
3:14 of 3rd period - Wrist shot by Mikko Lehtonen.
3:14 of 3rd period - Shot Misses the Net.
3:36 of 3rd period - Wrist shot by David Desharnais.
3:36 of 3rd period - Shot Misses the Net.
3:38 of 3rd period - Snap shot by David Desharnais.
3:38 of 3rd period - Stopped by David LeNeveu with a rebound.
3:40 of 3rd period - Backhand shot by David Desharnais.
3:40 of 3rd period - Shot Blocked by Colten Teubert.
3:42 of 3rd period - Slapshot by Erik Gustafsson.
3:42 of 3rd period - Stopped by David LeNeveu without a rebound.
3:43 of 3rd period - Chris Mueller wins face-off versus Alexandre Bolduc in Gangsters zone.
3:48 of 3rd period - Wrist shot by David Desharnais.
3:48 of 3rd period - Stopped by David LeNeveu with a rebound.
3:50 of 3rd period - Wrist shot by David Desharnais.
3:50 of 3rd period - Stopped by David LeNeveu without a rebound.
3:51 of 3rd period - Mikael Backlund wins face-off versus Alexandre Bolduc in Gangsters zone.
3:52 of 3rd period - Snap shot by Pasi Salonen.
3:52 of 3rd period - Shot Misses the Net.
3:54 of 3rd period - Snap shot by Pasi Salonen.
3:54 of 3rd period - Goal by Pasi Salonen - Gangsters : 8 - National : 4.
3:55 of 3rd period - Mikael Backlund wins face-off versus Alexandre Bolduc in neutral zone.
4:02 of 3rd period - Wrist shot by Janne Niskala.
4:02 of 3rd period - Shot Blocked by Alexandre Bolduc.
4:11 of 3rd period - Wrist shot by Alexandre Bolduc.
4:11 of 3rd period - Stopped by Keith Kinkaid without a rebound.
4:12 of 3rd period - Rico Fata wins face-off versus Artem Anisimov in National zone.
4:21 of 3rd period - Snap shot by Guillaume Desbiens.
4:21 of 3rd period - Goal by Guillaume Desbiens - Gangsters : 8 - National : 5.
4:22 of 3rd period - Mikael Backlund wins face-off versus Alexandre Bolduc in neutral zone.
4:25 of 3rd period - Slapshot by Mikael Backlund.
4:25 of 3rd period - Shot Blocked by Bryan Young.
4:54 of 3rd period - Slapshot by Rico Fata.
4:54 of 3rd period - Stopped by David LeNeveu without a rebound.
4:55 of 3rd period - Mikael Backlund wins face-off versus Artem Anisimov in Gangsters zone.
4:56 of 3rd period - Backhand shot by Jonathan Cheechoo.
4:56 of 3rd period - Shot Misses the Net.
5:09 of 3rd period - Minor Penalty to Artem Anisimov for Roughing.
5:10 of 3rd period - Jaroslav Balastik wins face-off versus Mikael Backlund in Gangsters zone.
6:03 of 3rd period - Snap shot by Pasi Salonen.
6:03 of 3rd period - Goal by Pasi Salonen - Gangsters : 8 - National : 6.
6:04 of 3rd period - Jonathan Cheechoo wins face-off versus Artem Anisimov in neutral zone.
6:12 of 3rd period - Wrist shot by Mikael Backlund.
6:12 of 3rd period - Shot Misses the Net.
6:30 of 3rd period - Rico Fata is hit by Ryan Keller and loses puck.
6:57 of 3rd period - Wrist shot by Maxime Sauvé.
6:57 of 3rd period - Shot Blocked by Denis Bodrov.
6:59 of 3rd period - Wrist shot by Dave Dziurzynski.
6:59 of 3rd period - Shot Blocked by Guillaume Desbiens.
7:01 of 3rd period - Snap shot by Maxime Sauvé.
7:01 of 3rd period - Shot Misses the Net.
7:03 of 3rd period - Slapshot by Matt Delahey.
7:03 of 3rd period - Shot Blocked by Jonathan Matsumoto.
7:05 of 3rd period - Slapshot by Matt Delahey.
7:05 of 3rd period - Shot Blocked by Rico Fata.
7:21 of 3rd period - Wrist shot by Mikael Backlund.
7:21 of 3rd period - Shot Misses the Net.
7:23 of 3rd period - Slapshot by Philip Larsen.
7:23 of 3rd period - Deflect By Brock Bradford.
7:23 of 3rd period - Stopped by David LeNeveu without a rebound.
7:24 of 3rd period - Johannes Salmonsson wins face-off versus Alexandre Bolduc in Gangsters zone.
8:05 of 3rd period - Backhand shot by Ryan Jones.
8:05 of 3rd period - Stopped by Keith Kinkaid with a rebound.
8:19 of 3rd period - Slapshot by Brock Bradford.
8:19 of 3rd period - Shot Misses the Net.
8:21 of 3rd period - Snap shot by Brock Bradford.
8:21 of 3rd period - Deflect By Nick Foligno.
8:21 of 3rd period - Stopped by Keith Kinkaid with a rebound.
8:45 of 3rd period - Erik Gustafsson is hit by Shaun Heska and loses puck.
9:18 of 3rd period - Slapshot by Chris Bourque.
9:18 of 3rd period - Shot Misses the Net.
9:24 of 3rd period - Wrist shot by Nick Foligno.
9:24 of 3rd period - Stopped by Keith Kinkaid without a rebound.
9:25 of 3rd period - Alexandre Bolduc wins face-off versus Jonathan Matsumoto in National zone.
9:28 of 3rd period - Wrist shot by Jaroslav Balastik.
9:28 of 3rd period - Stopped by Keith Kinkaid with a rebound.
9:46 of 3rd period - Minor Penalty to Jaroslav Balastik for Tripping.
9:47 of 3rd period - Brock Bradford wins face-off versus Mikael Backlund in Gangsters zone.
10:37 of 3rd period - Dustin Kohn is hit by Colten Teubert and loses puck.
10:45 of 3rd period - Slapshot by Dustin Kohn.
10:45 of 3rd period - Deflect By Guillaume Desbiens.
10:45 of 3rd period - Shot Blocked by Shaun Heska.
10:45 of 3rd period - Puck is out of play.
10:46 of 3rd period - Alexandre Bolduc wins face-off versus Mikael Backlund in Gangsters zone.
11:15 of 3rd period - Chris Bourque is hit by Dustin Kohn and loses puck.
11:46 of 3rd period - Penalty to Jaroslav Balastik is over, Jaroslav Balastik is back on ice.
12:10 of 3rd period - Bryan Young is hit by Janne Niskala and loses puck.
14:15 of 3rd period - Wrist shot by Gustav Nyquist.
14:15 of 3rd period - Shot Misses the Net.
15:17 of 3rd period - Jonathan Matsumoto is hit by Bryan Young and loses puck.
16:54 of 3rd period - Snap shot by Gustav Nyquist.
16:54 of 3rd period - Stopped by Keith Kinkaid without a rebound.
16:55 of 3rd period - David Desharnais wins face-off versus Brock Bradford in National zone.
17:28 of 3rd period - Wrist shot by Artem Anisimov.
17:28 of 3rd period - Shot Blocked by Kristoffer Berglund.
17:40 of 3rd period - Snap shot by Colten Teubert.
17:40 of 3rd period - Shot Misses the Net.
19:05 of 3rd period - Wrist shot by Gustav Nyquist.
19:05 of 3rd period - Stopped by Keith Kinkaid without a rebound.
19:06 of 3rd period - Brock Bradford wins face-off versus Mikael Backlund in National zone.
19:11 of 3rd period - Wrist shot by Gustav Nyquist.
19:11 of 3rd period - Goal by Gustav Nyquist - Gangsters : 9 - National : 6.
19:12 of 3rd period - Mikael Backlund wins face-off versus Alexandre Bolduc in neutral zone.
19:19 of 3rd period - Slapshot by Jonathan Cheechoo.
19:19 of 3rd period - Stopped by David LeNeveu with a rebound.
19:27 of 3rd period - Wrist shot by Pasi Salonen.
19:27 of 3rd period - Shot Misses the Net.
Goals for this period are 1 for Gangsters vs 3 for National.
Shots for this period are 9 for Gangsters vs 10 for National.
Output by the SimonT Hockey Simulator (STHS) for François Prévost -- Original Page W3C XHTML 1.0 Valid